AoeStats
← toyotaenjoyer

Black Forest

509979656Analyzed
2v2 RM · 4d ago on Sep 28, 2026· 38m 10s· 4 players
Game mode
Random Map
Map size
Medium (4 player)
Population
200
Speed
Normal
Resources
Standard
Victory
Conquest
Starting age
Dark Age
Ending age
Imperial Age
RankedLock teamsTeams togetherTeam positionsShared explorationLock speedFull tech treeHidden civsTurbo modeCheats
Victory
Defeat
🇵🇪 Ethiopians · Peru
1048
+14
🇪🇸 Portuguese · Spain
990
+16
🇫🇮 Mongols · Finland
1000
-45
🇫🇮 Italians · Finland
1000
-45
toyotaenjoyer
1:37 Loom
12:44 Feudal Age
18:02 Wheelbarrow
24:01 Castle Age
22:25 Forging
22:17 Fletching
34:55 Iron Casting
34:27 Scale Barding Armor
34:21 Bodkin Arrow
37:06 Hand Cart
Phallero
4:06 Loom
16:27 Feudal Age
18:08 Wheelbarrow
Cavalier
0:52 Loom
11:25 Feudal Age
12:02 Double-Bit Axe
13:52 Stone Mining
16:15 Castle Age
15:15 Horse Collar
16:14 Gold Mining
17:55 Bow Saw
20:11 Heavy Plow
21:42 Fletching
31:54 Stone Shaft Mining
35:09 Imperial Age
33:17 Town Watch
34:50 Treadmill Crane
37:22 Chemistry
36:43 Ballistics
37:51 Conscription
36:54 Elite Organ Gun
Crissss
0:55 Loom
11:41 Feudal Age
13:24 Double-Bit Axe
16:11 Castle Age
14:15 Horse Collar
15:32 Gold Mining
17:29 Bow Saw
20:58 Fletching
21:47 Stone Mining
26:53 Gold Shaft Mining
32:32 Imperial Age
31:43 Stone Shaft Mining
31:07 Bodkin Arrow
31:12 Padded Archer Armor
30:34 Crossbowman
31:19 Thumb Ring
32:35 Onager
33:04 Arbalester
33:50 Bracer
34:54 Conscription
36:17 Caravan
36:19 Torsion Engines
38:21 Wheelbarrow
38:01 Siege Engineers
38:57 Ballistics
39:37 Chemistry
Connection lost

Rejoining the realm…

Still unreachable

The connection could not be restored.

Session expired

The server has moved on; the page needs a fresh start.